 Dungeon Crawl Stone Soup version 0.18.1-47-g9310371 (webtiles) character file.

1407 mindo the Thaumaturge (level 8, -8/42 HPs)
             Began as a Deep Elf Conjurer on June 15, 2016.
             Was a Follower of Vehumet.
             Shot with an arrow by a centaur (13 damage)
             ... on level 6 of the Dungeon on June 16, 2016.
             The game lasted 00:53:44 (5931 turns).

mindo the Thaumaturge (Deep Elf Conjurer)           Turns: 5931, Time: 00:53:44

Health: -8/42      AC:  4    Str:  5    XL:     8   Next: 42%
Magic:  16/33      EV: 13    Int: 23    God:    Vehumet [*.....]
Gold:   195        SH:  0    Dex: 15    Spells: 5 memorised, 15 levels left

rFire  . . .     SeeInvis .     c - +0 dagger (venom)
rCold  . . .     Gourm    .     a - +0 robe
rNeg   . . .     Faith    .     (no shield)
rPois  .         Spirit   .     (no helmet)
rElec  .         Dismiss  .     h - +0 cloak
rCorr  +         Reflect  .     g - +0 pair of gloves
SustAt .         Harm     .     (no boots)
MR     .....                    (no amulet)
Stlth  +.........               u - ring of magical power
                                k - ring of resist corrosion

@: very slightly contaminated, glowing, not resistant to hostile enchantments,
very unstealthy
A: no striking features
a: Renounce Religion


You were on level 6 of the Dungeon.
You worshipped Vehumet.
Vehumet was aware of your devotion.
You were not hungry.

You visited 1 branch of the dungeon, and saw 6 of its levels.

You collected 195 gold pieces.

Inventory:

Hand Weapons
 c - a +0 dagger of venom (weapon)
Armour
 a - a +0 robe (worn)
 g - a +0 pair of gloves (worn)
 h - a +0 cloak (worn)
Jewellery
 k - a ring of resist corrosion (left hand)
 n - an uncursed ring of sustain attributes
 u - a ring of magical power (right hand)
Wands
 v - a wand of polymorph (15/24)
 w - a wand of flame (22/48)
Scrolls
 d - 3 scrolls of blinking {unknown}
 j - a scroll of noise {unknown}
 l - a scroll of remove curse {unknown}
 m - 2 scrolls of random uselessness
 q - a scroll of fog {unknown}
 y - a scroll of magic mapping
Potions
 e - 3 potions of lignification {unknown}
 f - a potion of agility
 o - a potion of cancellation {unknown}
 p - 2 potions of ambrosia
 t - a potion of haste {unknown}
 x - a potion of degeneration {unknown}
 z - a potion of brilliance {unknown}
Books
 b - a book of Conjurations

   Spells                             Type                      Level
   a - Magic Dart                     Conjuration                  1
   b - Searing Ray                    Conjuration                  2
   c - Dazzling Spray                 Conjuration/Hexes            3
   d - Fulminant Prism                Conjuration/Hexes            4
   e - Iskenderun's Mystic Blast      Conjuration                  4
   f - Iskenderun's Battlesphere      Conjuration/Charms           5
 i - a book of Changes

   Spells                             Type                      Level
   a - Beastly Appendage              Transmutation                1
   b - Sticks to Snakes               Transmutation                2
   c - Spider Form                    Transmutation/Poison         3
   d - Ice Form                       Ice/Transmutation            4
   e - Blade Hands                    Transmutation                5


   Skills:
 - Level 0.4 Fighting
 - Level 2.4 Dodging
 + Level 5.0 Stealth
 * Level 10.1 Spellcasting
 + Level 8.1 Conjurations
 - Level 0.3 Hexes
 + Level 1.1 Charms


You had 15 spell levels left.
You knew the following spells:

 Your Spells              Type           Power        Failure   Level  Hunger
a - Magic Dart            Conj           ####         1%          1    None
b - Dazzling Spray        Conj/Hex       ####..       3%          3    None
c - Searing Ray           Conj           #####.       1%          2    None
d - Iskenderun's Battles  Conj/Chrm      ####....     24%         5    ####...
e - Shock                 Conj/Air       ####         1%          1    None


Dungeon Overview and Level Annotations

Branches:
Dungeon (6/15)
 Temple: D:4-7

Altars:
Ashenzari
Gozag
Kikubaaqudgha
Qazlal
Ru
Sif Muna
Trog
Vehumet
Zin

Annotations:
D:2 Sigmund
D:3 buf2's ghost, amateur HuWn


Message History

You miscast Iskenderun's Battlesphere.
You are very lightly contaminated with residual magic.
You are outlined in light.
A centaur comes into view.
Casting: Iskenderun's Battlesphere
Confirm with . or Enter, or press ? or * to list all spells.
You miscast Iskenderun's Battlesphere.
You feel a strange surge of energy!
The centaur shouts!
The centaur wields a shortbow.
The centaur shoots an arrow.
The arrow hits you!
Casting: Iskenderun's Battlesphere
Confirm with . or Enter, or press ? or * to list all spells.
You miscast Iskenderun's Battlesphere.
You smell fire and brimstone.
The centaur shoots an arrow.
The arrow hits you!
The centaur shoots an arrow.
The arrow hits you!
* * * LOW HITPOINT WARNING * * *
You see here an arrow.
The centaur shoots an arrow.
The arrow hits you.
* * * LOW HITPOINT WARNING * * *
The centaur shoots an arrow.
The arrow hits you!
You die...

#.......##
#...c....##### ###
#............. ...
#......>...... ..
#.....(...# #
#....(....#
#........##
#........#
#.@.....## ##
#....#### ##.
#....# ##.. ##....#
###..# #.....######
##...##
#....###...###..###
#..............##
##............##
##............##


You could see a centaur.

Vanquished Creatures
  Pikel (D:6)
  2 slaves
  2 scorpions
  2 vampire bats (D:3)
  2 jellies (D:5)
  A centaur skeleton (D:5)
  An orc priest (D:5)
  2 hounds
  An iguana (D:6)
  Natasha (D:2)
  7 worker ants
  5 orc wizards
  2 hound skeletons
  A howler monkey skeleton (D:4)
  6 adders
  7 gnolls
  2 oozes
  3 worms
  2 dart slugs (D:2)
  6 giant geckos
  3 orcs
  4 bats
  3 bat skeletons (D:3)
  2 bat zombies (D:3)
  4 giant cockroaches
  7 goblins
  5 hobgoblins
  3 jackals (D:5)
  3 quokkas
  A ball python (D:1)
  3 giant newts
  2 kobolds (D:3)
  6 rats
102 creatures vanquished.

Vanquished Creatures (others)
  A scorpion (D:6)
  A bat skeleton (D:3)
2 creatures vanquished.

Grand Total: 104 creatures vanquished

Notes
Turn   | Place    | Note
--------------------------------------------------------------
     0 | D:1      | mindo the Deep Elf Conjurer began the quest for the Orb.
     0 | D:1      | Reached XP level 1. HP: 10/10 MP: 6/6
   134 | D:1      | Reached XP level 2. HP: 13/15 MP: 1/8
   324 | D:1      | Reached skill level 5 in Conjurations
   549 | D:3      | Reached XP level 3. HP: 19/19 MP: 6/10
   739 | D:2      | Learned a level 3 spell: Dazzling Spray
   779 | D:2      | Noticed Natasha
  1084 | D:3      | Noticed buf2's ghost (amateur HuWn)
  1094 | D:3      | Learned a level 2 spell: Searing Ray
  1099 | D:3      | Noticed a moth of wrath
  1104 | D:3      | Found a bloodstained altar of Trog.
  1318 | D:2      | Reached skill level 4 in Spellcasting
  1318 | D:2      | Reached XP level 4. HP: 24/24 MP: 2/12
  1854 | D:2      | Noticed Sigmund
  2032 | D:2      | Killed Natasha
  2194 | D:3      | Reached XP level 5. HP: 28/28 MP: 8/13
  3017 | D:3      | Reached skill level 5 in Spellcasting
  3063 | D:3      | Found a sacrificial altar of Ru.
  3312 | D:4      | Reached XP level 6. HP: 24/33 MP: 10/16
  3467 | D:4      | Found a shattered altar of Ashenzari.
  3557 | D:4      | Found a radiant altar of Vehumet.
  3562 | D:4      | Became a worshipper of Vehumet
  3602 | D:4      | Reached skill level 6 in Spellcasting
  3852 | D:3      | Found an ancient bone altar of Kikubaaqudgha.
  4270 | D:4      | Found an opulent altar of Gozag.
  4314 | D:4      | Reached XP level 7. HP: 36/37 MP: 13/19
  4382 | D:4      | Reached skill level 7 in Spellcasting
  4477 | D:5      | Entered Level 5 of the Dungeon
  4548 | D:5      | Learned a level 5 spell: Iskenderun's Battlesphere
  5007 | D:5      | Reached * piety under Vehumet
  5007 | D:5      | Offered knowledge of Shock by Vehumet.
  5010 | D:5      | Learned a level 1 spell: Shock
  5081 | D:5      | Reached skill level 8 in Spellcasting
  5458 | D:5      | Found a glowing silver altar of Zin.
  5458 | D:5      | Noticed an angel
  5563 | D:5      | Found a deep blue altar of Sif Muna.
  5701 | D:6      | Noticed Pikel
  5844 | D:6      | Found a stormy altar of Qazlal.
  5867 | D:6      | Killed Pikel
  5867 | D:6      | Reached skill level 5 in Stealth
  5867 | D:6      | Reached skill level 10 in Spellcasting
  5867 | D:6      | Reached skill level 1 in Charms
  5867 | D:6      | Reached XP level 8. HP: 32/42 MP: 20/24
  5931 | D:6      | Shot with an arrow by a centaur

Skill      XL: |  1  2  3  4  5  6  7 |
---------------+----------------------+-----
Conjurations   | 5 6 8 |  8.1
Spellcasting   | 4 5 6 10 | 10.1
Stealth        | 3 4 5 |  5.0
Charms         | 1 |  1.1
Fighting       | |  0.4
Dodging        | |  2.4
Hexes          | |  0.3

Action                   |  1- 3 |  4- 6 |  7- 9 || total
-------------------------+-------+-------+-------++-------
Melee: Unarmed           |     2 |     1 |       ||     3
       Dagger            |       |     5 |       ||     5
 Cast: Magic Dart        |    51 |    53 |    42 ||   146
       Dazzling Spray    |     3 |     4 |     2 ||     9
       Searing Ray       |     1 |    20 |    20 ||    41
       Iskenderun's Batt |       |       |     2 ||     2
  Use: Scroll            |       |     4 |     2 ||     6
       Potion            |       |     3 |       ||     3
  Eat: Bread ration      |     1 |       |     1 ||     2
       Beef jerky        |       |     2 |       ||     2
       Royal jelly       |       |     1 |       ||     1
       Meat ration       |       |     1 |       ||     1
       Pizza             |       |       |     1 ||     1
Armor: Robe              |     4 |    58 |     2 ||    64
Dodge: Dodged            |    25 |   156 |    22 ||   203
